 Dungeon Crawl Stone Soup version 0.25-a0-279-g53730b6a6f (webtiles) character file.

Game seed: 11290792607216023414, levelgen mode: deterministic

117 MoonlitKnight the Ruffian (level 4, -1/37 HPs)
             Began as a Draconian Transmuter on Dec 10, 2019.
             Was an Initiate of Wu Jian.
             Slain by an iguana (9 damage)
             ... on level 4 of the Dungeon.
             The game lasted 00:07:13 (3519 turns).

MoonlitKnight the Ruffian (Draconian Transmuter)    Turns: 3519, Time: 00:07:14

Health: -1/37      AC:  5    Str: 13    XL:     4   Next: 71%
Magic:  7/7        EV: 12    Int: 14    God:    Wu Jian [......]
Gold:   168        SH:  5    Dex: 11    Spells: 1/7 levels left

rFire    . . .     SeeInvis .     - Unarmed
rCold    . . .     Gourm    .   d - +1 buckler
rNeg     . . .     Faith    .   (armour unavailable)
rPois    .         Spirit   .   (helmet restricted)
rElec    .         Reflect  .   (no cloak)
rCorr    .         Harm     .   (no gloves)
MR       .....                  (no boots)
Stlth    +.........             (no amulet)
HPRegen  0.12/turn              (no ring)
MPRegen  0.10/turn              (no ring)

@: no status effects
A: unfitting armour, cold-blooded, AC +5
a: Renounce Religion


You were on level 4 of the Dungeon.
You worshipped Wu Jian.
Wu Jian was noncommittal.
You were very hungry.

You visited 1 branch of the dungeon, and saw 4 of its levels.

You collected 168 gold pieces.

Inventory:

Hand Weapons
 i - a +0 hunting sling
Missiles
 a - 65 arrows
 f - 19 poisoned darts (quivered)
 h - 60 stones
 n - 10 sling bullets
Armour
 d - a +1 buckler (worn)
Scrolls
 b - 3 scrolls of enchant armour
 e - a scroll of teleportation {unknown}
 g - a scroll of fog {unknown}
 j - a scroll of fear {unknown}
 q - a scroll of remove curse {unknown}
 r - a scroll of magic mapping {unknown}
Potions
 k - a potion of flight
 m - a potion of curing
 o - 2 potions of mutation
 p - 3 potions of haste {unknown}
 t - 2 potions of heal wounds {unknown}
Comestibles
 c - 6 rations


   Skills:
 + Level 2.3 Fighting
 + Level 2.5 Dodging
 * Level 2.5 Shields
 + Level 3.6 Unarmed Combat
 - Level 2.0 Spellcasting
 - Level 2.0 Transmutations


You had one spell level left.
You knew the following spells:

 Your Spells              Type           Power        Failure   Level  Hunger
a - Beastly Appendage     Tmut           #.....       12%         1    ##.....
b - Sticks to Snakes      Tmut           #.......     19%         2    ###....
c - Spider Form           Tmut/Pois      #.........   50%         3    ####...

Your spell library contained the following spells:

 Spells                   Type           Power        Failure   Level  Hunger
 Ice Form                 Ice/Tmut       #.......     88%         4    #####..
 Blade Hands              Tmut           #.........   98%         5    ######.


Dungeon Overview and Level Annotations

Branches:
Dungeon (4/15)
 Temple: D:4-7

Altars:
Hepliaklqana
Wu Jian
Xom
Zin

Annotations:
D:3 2 runed translucent doors, Crazy Yiuf; Nixze's ghost, amateur DrFE


Innate Abilities, Weirdness & Mutations

Your plain brown scales are hard. (AC +5)
You cannot fit into any form of body armour.
You are cold-blooded and may be slowed by cold attacks.


Message History

You are feeling very hungry.
You hit the iguana.
The iguana is lightly wounded.
You feel sick. The iguana bites you! The adder bites you but does no damage.
The adder bites you.
You feel sick. You block the adder's attack.
You feel sick. The adder completely misses you.
You feel sick.
You are no longer poisoned.
The adder closely misses you. The adder closely misses you.
You block the adder's attack. The iguana bites you.
* * * LOW HITPOINT WARNING * * *
There is a stone staircase leading up here.
You see here an uncursed amulet of the gourmand.
The iguana bites you!
You die...

#...#.....#.# #
#...#.....#.########.#
#..##.##..#.#.........
#....................
##...............######
####........#.........
#..#.........######
#..#..#..#.#lS....#
#.....#...>+@.....+
#.##..#..#.#......#
###.##..#..#.#......#
#...##..............#
###...+ .....##########
......# ###.# ......#
......# ...%..#


You could see an iguana and an adder.

Vanquished Creatures
  4 adders
  An ooze (D:2)
  3 worms
  3 dart slugs (D:2)
  A leopard gecko (D:1)
  4 giant cockroaches
  13 hobgoblins
  3 jackals (D:3)
  3 kobolds
  2 quokkas
  8 bats
  5 frilled lizards
  5 goblins
  4 rats
59 creatures vanquished.

Notes
Turn   | Place    | Note
-------+----------+-------------------------------------------
     0 | D:1      | MoonlitKnight the Draconian Transmuter began the quest for
                  | the Orb.
     0 | D:1      | Reached XP level 1. HP: 16/16 MP: 3/3
   178 | D:1      | Reached XP level 2. HP: 22/23 MP: 5/5
   261 | D:1      | Reached skill level 1 in Shields
   965 | D:2      | Reached XP level 3. HP: 28/29 MP: 6/6
   969 | D:2      | Learned a level 2 spell: Sticks to Snakes
   973 | D:2      | Learned a level 3 spell: Spider Form
  1628 | D:2      | Found a glowing silver altar of Zin.
  1965 | D:2      | Reached XP level 4. HP: 36/36 MP: 5/7
  2520 | D:3      | Found a runed translucent door.
  2521 | D:3      | Noticed Crazy Yiuf
  2680 | D:3      | Found a runed translucent door.
  2687 | D:3      | Noticed a bullfrog
  2688 | D:3      | Noticed Nixze's ghost (amateur DrFE)
  3454 | D:4      | Found an ornate altar of the Wu Jian Council.
  3458 | D:4      | Became a worshipper of the Wu Jian Council
  3462 | D:4      | Found a shimmering altar of Xom.
  3465 | D:4      | Found a hazy altar of Hepliaklqana.
  3519 | D:4      | Slain by an iguana

Levels and vault maps discovered:
D:1:      dpeg_arrival_rooms_with_view, layout_basic,
          minmay_misc_feat_nine_boxes
D:2:      layout_basic, lemuel_doored_altar, serial_forest,
          infiniplex_forest_end_2, infiniplex_forest_lined_corner,
          infiniplex_forest_clump_curved, infiniplex_forest_lined_room_3,
          infiniplex_forest_clump_long
D:3:      wander_river, layout_loops_cross, ebering_ghost_sewer_d,
          uniq_crazy_yiuf_cottage
D:4:      layout_basic, grunt_temple_overflow_diamond,
          minmay_temple_entry_statues_fountains, first_ration,
          minmay_misc_feat_square, nrook_mini_vaults

Skill      XL: |  1  2  3 |
---------------+----------+-----
Dodging        | 2 |  2.5
Shields        | 1 2 |  2.5
Fighting       | 2 |  2.3
Unarmed Combat | |  3.6
Spellcasting   | |  2.0
Transmutations | |  2.0

Action                   |  1- 3 |  4- 6 || total
-------------------------+-------+-------++-------
Melee: Unarmed           |   149 |   125 ||   274
       Tailslap          |     9 |    10 ||    19
       Headbutt          |     9 |     6 ||    15
       Kick              |     3 |     4 ||     7
 Cast: Beastly Appendage |    14 |     9 ||    23
Invok: Lunge             |       |     1 ||     1
  Use: Potion            |     1 |       ||     1
       Scroll            |       |     4 ||     4
 Stab: Sleeping          |     1 |     1 ||     2
  Eat: Chunk             |     4 |     4 ||     8
Armor: Skin              |    37 |    34 ||    71
Dodge: Dodged            |    64 |    58 ||   122
Block: Buckler           |    23 |    14 ||    37

Table legend:
 A = Non-vault XP
 B = Vault XP
 C = Vault XP percentage of total XP
 D = Non-vault monster count
 E = Vault monster count
 F = Vault count percentage of total count
                 A         B        C        D         E       F
            +---------+---------+-------+---------+---------+-------
      Total |     163 |       5 |   3.0 |      57 |       2 |   3.4
            +---------+---------+-------+---------+---------+-------
        D:1 |      36 |       5 |  12.2 |      15 |       2 |  11.8
        D:2 |      70 |       0 |   0.0 |      23 |       0 |   0.0
        D:3 |      57 |       0 |   0.0 |      19 |       0 |   0.0
            +---------+---------+-------+---------+---------+-------
